 Dungeon Crawl Stone Soup version 0.28-a0-925-gd5e1996cdb (webtiles) character file.

Game seed: 14212184177063954511

2 vincint2002 the Shield-Bearer (level 1, 0/14 HPs)
             Began as a Gargoyle Fighter on Nov 26, 2021.
             Was a Follower of Jiyva.
             Slain by an adder (3 damage)
             ... on level 2 of the Dungeon.
             The game lasted 00:01:01 (241 turns).

vincint2002 the Shield-Bearer (Gargoyle Fighter)     Turns: 241, Time: 00:01:02

Health: 0/14       AC:  9    Str: 19    XL:     1   Next: 40%
Magic:  1/1        EV:  6    Int:  8    God:    Jiyva [*.....]
Gold:   0          SH:  4    Dex:  9    Spells: 0/0 levels left

rFire   . . .      SeeInvis .   a - +0 flail
rCold   . . .      Faith    .   c - +0 buckler
rNeg    + . .      Spirit   .   b - +0 scale mail
rPois   ∞          Reflect  .   (no helmet)
rElec   +          Harm     .   (no cloak)
rCorr   .          Rampage  .   (no gloves)
Will    .....                   (no boots)
Stlth   ..........              (no amulet)
HPRegen 0.84/turn               (no ring)
MPRegen 0.32/turn               (no ring)

@: constricted
A: sickness immunity, AC +2, negative energy resistance 1, electricity
resistance, torment resistance 1, petrification resistance
a: Renounce Religion


You were on level 2 of the Dungeon.
You worshipped Jiyva.
Jiyva was aware of your devotion.
You visited 1 branch of the dungeon, and saw 2 of its levels.

Inventory:

Hand Weapons
 a - a +0 flail (weapon)
Armour
 b - a +0 scale mail (worn)
 c - a +0 buckler (worn)
Potions
 d - a potion of might


   Skills:
 + Level 3.3 Fighting
 * Level 2.1 Maces & Flails
 + Level 3.3 Armour
 + Level 3.3 Shields


You couldn't memorise any spells.
You didn't know any spells.
Your spell library contained the following spells:

 Spells                   Type           Power      Damage    Failure   Level
 Shock                    Conj/Air       0%         1d3       80%         1


Dungeon Overview and Level Annotations

Branches:
Dungeon (2/15)

Altars:
Jiyva


Innate Abilities, Weirdness & Mutations

You are immune to sickness and miasma.
Your stone body is resilient. (AC +2)
You are immune to poison.
You resist negative energy. (rN+)
You are resistant to electric shocks. (rElec)
You are resistant to unholy torment.
You are immune to petrification.


Message History

The ball python bites you but does no damage.
The ball python constricts you. The goblin hits you but does no damage.
The ball python closely misses you. The ball python constricts you.
The goblin hits you but does no damage.
The ball python bites you but does no damage.
The ball python constricts you. The goblin hits you with a +0 club.
The ball python bites you. The ball python constricts you.
The goblin hits you but does no damage. The ball python closely misses you.
The ball python constricts you. You block the adder's attack.
The ball python bites you but does no damage.
The ball python constricts you. The goblin hits you but does no damage.
The adder bites you but does no damage. The ball python barely misses you.
The ball python constricts you. The adder barely misses you.
You block the goblin's attack. The ball python barely misses you.
The ball python constricts you. The adder bites you.
* * * LOW HITPOINT WARNING * * *
The goblin hits you but does no damage. The ball python barely misses you.
The ball python constricts you. The adder bites you.
* * * LOW HITPOINT WARNING * * *
The goblin hits you but does no damage.
The ball python bites you but does no damage.
The ball python constricts you. You block the adder's attack.
The goblin hits you but does no damage. The adder bites you.
* * * LOW HITPOINT WARNING * * *
The ball python closely misses you. The ball python constricts you.
The adder bites you but does no damage.
The ball python bites you but does no damage.
The ball python constricts you. The goblin barely misses you.
The adder bites you.
* * * LOW HITPOINT WARNING * * *
The ball python bites you but does no damage.
The ball python constricts you. The goblin hits you but does no damage.
The adder bites you.
* * * LOW HITPOINT WARNING * * *
The ball python bites you but does no damage.
The ball python constricts you. The goblin hits you but does no damage.
The adder bites you.
You die...

#..#.. #....
#.#..
##.#.#####.
..........
###.#.......
###.#..........#
.......<.S......
###.#..g@......#
###.S.......
#.###.#... ..#
..... .... ....
..... ... #.....
... #....


You could see an adder, a goblin and a ball python.

Vanquished Creatures
  A hobgoblin (D:1)
  A frilled lizard (D:1)
  A rat (D:1)
3 creatures vanquished.

Vanquished Creatures (others)
  A plant (D:2)
1 creature vanquished.

Grand Total: 4 creatures vanquished

Notes
Turn   | Place    | Note
-------+----------+-------------------------------------------
     0 | D:1      | vincint2002 the Gargoyle Fighter began the quest for the
                  | Orb.
     0 | D:1      | Reached XP level 1. HP: 14/14 MP: 1/1
    53 | D:2      | Found a faded altar of an unknown god.
    58 | D:2      | Got Plato's Compendium of Air
    59 | D:2      | Prayed at the altar of an unknown god.
    59 | D:2      | Became a worshipper of Jiyva Junoli the Shapeless
    59 | D:2      | Reached * piety under Jiyva
   241 | D:2      | Slain by an adder

Illustrated notes

Levels and vault maps discovered:
D:1:      minmay_arrival_up_and_down, layout_rooms, serial_shops, shop, shop,
          minmay_misc_feat_alley
D:2:      layout_basic, shapermc_ecumenical_altar_rom_forum, uniq_natasha

Action                   || total
-------------------------++-------
Melee: Flail             ||    14
Armor: Scale mail        ||   172
Dodge: Dodged            ||    84
Block: Buckler           ||    48

Table legend: (Time is in decaauts)
 A = Elapsed time spent in this place.
 B = Non-inter-level travel time spent in this place.
 C = Inter-level travel time spent in this place.
 D = Time resting spent in this place.
 E = Time spent auto-exploring this place.
 F = Levels seen in this place.
 G = Mean time per level.
                   A        B        C        D        E       F      G
               +--------+--------+--------+--------+--------+-----+--------+
         Total |    247 |    247 |      0 |      0 |      0 |   2 |  123.5 |
       Dungeon |    247 |    247 |      0 |      0 |      0 |   2 |  123.5 |
               +--------+--------+--------+--------+--------+-----+--------+

Top non-repeatable levels by time:
     D:2: 181 daAuts
     D:1: 66 daAuts
